 Dungeon Crawl Stone Soup version 0.28-a0-249-g9004c80361 (webtiles) character file.

Game seed: 6960858206563273666

2377 PentaManta the Grappler (level 9, 0/71 HPs)
             Began as a Ghoul Abyssal Knight on Aug 26, 2021.
             Was an Elder of Lugonu.
             Killed from afar by an electric eel (3 damage)
             ... with a bolt of electricity
             ... on level 7 of the Dungeon.
             The game lasted 00:12:22 (7867 turns).

PentaManta the Grappler (Ghoul Abyssal Knight)      Turns: 7867, Time: 00:12:24

Health: 0/71       AC: 15    Str: 25    XL:     9   Next: 45%
Magic:  14/14      EV:  8    Int:  7    God:    Lugonu [****..]
Gold:   387        SH:  0    Dex: 11    Spells: 8/8 levels left

rFire   . . .      SeeInvis .     - Unarmed
rCold   + . .      Faith    .   (no shield)
rNeg    + + +      Spirit   .   z - +0 chain mail
rPois   ∞          Reflect  .   k - +4 helmet of Paipiah {Rampage Dex+3}
rElec   .          Harm     .   u - +0 cloak
rCorr   .          Rampage  +   (no gloves)
Will    .....                   (no boots)
Stlth   ..........              (no amulet)
HPRegen 0.00/turn               x - +6 ring of strength
MPRegen 0.14/turn               (no ring)

@: inhibited regen
A: claws 1, cold resistance 1, negative energy resistance 3, inhibited
regeneration, torment resistance 2
a: Renounce Religion, Depart the Abyss, Bend Space, Banish, Corrupt


You were on level 7 of the Dungeon.
You worshipped Lugonu.
Lugonu was greatly pleased with you.
You visited 2 branches of the dungeon, and saw 8 of its levels.
You visited the Abyss 1 time.

You collected 387 gold pieces.

Inventory:

Hand Weapons
 i - a +0 dagger of venom
Missiles
 e - 12 boomerangs of dispersal
 A - 20 poisoned darts
Armour
 k - the +4 helmet of Paipiah (worn) {Rampage Dex+3}
   (You found it on level 4 of the Dungeon)

   Dex:       It affects your dexterity (+3).
   Rampage:   It bestows one free step when moving towards enemies.
 u - a +0 cloak (worn)
 z - a +0 chain mail (worn)
Jewellery
 a - a ring of protection from fire
 x - a +6 ring of strength (left claw)
Wands
 n - a wand of charming (10)
Scrolls
 f - a scroll of vulnerability {unknown}
 g - 2 scrolls of fog {unknown}
 h - 4 scrolls of identify {unknown}
 l - a scroll of teleportation {unknown}
 o - 2 scrolls of blinking {unknown}
 q - a scroll of acquirement {unknown}
 r - a scroll of torment {unknown}
 s - a scroll of immolation {unknown}
 t - 3 scrolls of amnesia {unknown}
 y - 2 scrolls of noise {unknown}
Potions
 b - 6 potions of curing
 d - 3 potions of haste {unknown}
 j - 2 potions of mutation {unknown}
 m - 2 potions of might {unknown}
 p - a potion of ambrosia {unknown}
 v - 2 potions of heal wounds {unknown}
 w - a potion of flight {unknown}
Miscellaneous
 c - a condenser vane (inert) (quivered)


   Skills:
 * Level 3.8 Fighting
 * Level 2.3 Armour
 - Level 0.8 Dodging
 + Level 10.8 Unarmed Combat
 - Level 8.1 Invocations


You had 8 spell levels left.
You didn't know any spells.
Your spell library contained the following spells:

 Spells                   Type           Power      Damage    Failure   Level
 Magic Dart               Conj           0%         1d3       97%         1
 Call Imp                 Summ           0%         N/A       99%         2
 Passwall                 Tmut/Erth      0%         N/A       99%         2
 Mephitic Cloud           Conj/Pois/Air  0%         N/A       100%        3
 Swiftness                Air            0%         N/A       100%        3
 Animate Armour           Summ/Erth      0%         N/A       100%        4
 Invisibility             Hex            0%         N/A       100%        6
 Iron Shot                Conj/Erth      0%         9d1       100%        6
 Blade Hands              Tmut           Unusable   N/A       N/A         5

Dungeon Overview and Level Annotations

Branches:
Dungeon (7/15)             Temple (1/1) D:4

Altars:
Ashenzari
Cheibriados
Elyvilon
Fedhas
Gozag
Hepliaklqana
Makhleb
Nemelex Xobeh
Okawaru
Qazlal
Ru
Trog
Uskayaw
Wu Jian
Xom
Yredelemnul
Zin
The Shining One

Annotations:
D:6 exclusion: upstairs


Innate Abilities, Weirdness & Mutations

You thrive by killing the living.
You are immune to poison.
You have sharp fingernails.
Your flesh is cold resistant. (rC+)
You are immune to negative energy. (rN+++)
You do not regenerate when monsters are visible.
You are immune to unholy pain and torment.


Message History

Lugonu accepts your kill.
No target in view!
Found a leather armour.
Found a stone staircase leading down.
You start resting.
HP restored.
You open the large door. 2 electric eels come into view.
Found 13 stones.
The electric eel shoots out a bolt of lightning at you!
The bolt of electricity hits you!
The electric eel shoots out a bolt of lightning at you!
The bolt of electricity hits you!
You hear a shout!
The electric eel shoots out a bolt of lightning at you!
The bolt of electricity hits you! The bolt of electricity hits you.
The electric eel shoots out a bolt of lightning at you!
The bolt of electricity hits you.
The electric eel shoots out a bolt of lightning at you!
The bolt of electricity hits you!
You close the large door.
You start resting.
Something unseen opens the large door.
You close the large door.
Something unseen opens the large door.
Found a stone staircase leading up.
The electric eel shoots out a bolt of lightning at you!
The bolt of electricity hits you. The bolt of electricity hits you!
* * * LOW HITPOINT WARNING * * *
The electric eel shoots out a bolt of lightning at you!
The bolt of electricity hits you!
* * * LOW HITPOINT WARNING * * *
Okay, then.
Press: ? - help, Shift-Dir - straight line, f - electric eel
Aim: an electric eel (chance to affect: 90%)
You fail to use your ability.
The electric eel shoots out a bolt of lightning at you!
The bolt of electricity hits you!
* * * LOW HITPOINT WARNING * * *
The bolt of electricity hits you.
You die...

##.# #.# .#
#.# .# #.# .#
≈ #.##.# ≈≈
#..#.# ≈≈≈
##.#.# ≈≈≈≈
#.#.#### ≈≈≈≈≈
#.@[...#
≈≈≈≈≈≈#.#.##.#
...(..'.#.#
......'.#..
≈≈≈≈;;#.#.##
≈≈≈≈≈≈#..<.
≈≈≈≈≈≈##..#
≈≈≈≈≈ .>#
≈≈≈≈# #.


You could see 2 electric eels.

Vanquished Creatures
  Sigmund (D:5)
  2 water moccasins
  An orc warrior (D:6)
  A necrophage (D:5)
  An ice beast (D:6)
  3 sky beasts (D:5)
  An ogre (D:5)
  A phantom (D:6)
  A bullfrog (D:6)
  A wyvern zombie (D:5)
  2 water moccasin zombies (D:5)
  A water moccasin skeleton (D:6)
  A howler monkey (D:4)
  5 wights
  A bullfrog skeleton (D:6)
  A centaur zombie (D:5)
  A bullfrog zombie (D:5)
  5 hounds
  2 orc priests
  4 iguanas
  3 orc wizards
  A hound skeleton (D:4)
  A howler monkey zombie (D:6)
  5 adders
  7 gnolls
  A shadow imp (D:5)
  4 white imps
  A worm (D:3)
  2 dart slugs
  20 orcs
  11 endoplasms
  2 giant cockroaches (D:2)
  5 goblins
  13 hobgoblins
  4 jackals (D:3)
  4 quokkas
  7 ball pythons
  3 bats
  A frilled lizard (D:2)
  16 kobolds
  8 rats
155 creatures vanquished.

Vanquished Creatures (others)
  10 plants
10 creatures vanquished.

Grand Total: 165 creatures vanquished

Notes
Turn   | Place    | Note
-------+----------+-------------------------------------------
     0 | Abyss:1  | PentaManta the Ghoul Abyssal Knight began the quest for the
                  | Orb.
     0 | Abyss:1  | Reached XP level 1. HP: 19/19 MP: 1/1
    86 | Abyss:2  | Noticed a small abomination
   120 | Abyss:3  | Noticed a tentacled monstrosity
   129 | D:1      | Escaped the Abyss
   359 | D:1      | Reached skill level 3 in Unarmed Combat
   359 | D:1      | Reached XP level 2. HP: 23/26 MP: 2/2
   460 | D:1      | Reached * piety under Lugonu
   946 | D:1      | Found a faded altar of an unknown god.
  1148 | D:2      | Reached XP level 3. HP: 31/31 MP: 3/3
  1252 | D:2      | Reached skill level 4 in Unarmed Combat
  1477 | D:2      | Reached XP level 4. HP: 22/38 MP: 4/4
  1665 | D:2      | Reached ** piety under Lugonu
  2007 | D:3      | Reached skill level 5 in Unarmed Combat
  2280 | D:3      | Found a faded altar of an unknown god.
  2280 | D:3      | Found a sparkling altar of Nemelex Xobeh.
  2291 | D:3      | Found an iron altar of Okawaru.
  3020 | D:4      | Identified the +4 helmet of Paipiah {Rampage Dex+3}
  3216 | D:4      | Reached XP level 5. HP: 45/45 MP: 5/5
  3220 | D:4      | Found a staircase to the Ecumenical Temple.
  3233 | Temple   | Entered the Ecumenical Temple
  3244 | Temple   | Reached skill level 6 in Unarmed Combat
  4076 | D:3      | Reached XP level 6. HP: 49/51 MP: 6/6
  4310 | D:3      | Reached skill level 7 in Unarmed Combat
  4593 | D:4      | Found a burning altar of Makhleb.
  4677 | D:4      | Reached skill level 8 in Unarmed Combat
  4677 | D:4      | Reached XP level 7. HP: 16/57 MP: 7/7
  5019 | Temple   | Reached *** piety under Lugonu
  5286 | D:5      | Entered Level 5 of the Dungeon
  5347 | D:5      | Reached skill level 9 in Unarmed Combat
  5554 | D:5      | Reached XP level 8. HP: 61/63 MP: 9/9
  6062 | D:5      | Noticed Sigmund
  6073 | D:5      | Killed Sigmund
  6074 | D:5      | Reached skill level 10 in Unarmed Combat
  6074 | D:5      | Reached skill level 5 in Invocations
  6485 | D:6      | Reached XP level 9. HP: 60/70 MP: 11/13
  6567 | D:5      | Noticed a rust devil
  6567 | D:5      | Noticed a rust devil
  7630 | D:7      | Reached **** piety under Lugonu
  7672 | D:7      | Identified the +1 trident of Accord {vorpal, Int+2}
  7867 | D:7      | HP: 3/71 [electric eel/bolt of electricity (9)]
  7867 | D:7      | Killed from afar by an electric eel

Illustrated notes

Levels and vault maps discovered:
D:1:      dpeg_arrival_court, layout_basic,
          chequers_ecumenical_altar_simple_redux
D:2:      layout_basic
D:3:      layout_loops_cross, chequers_temple_overflow_minitemple,
          serial_bayou_pond_c, minmay_misc_feat_rows
D:4:      layout_rooms, mainiacjoe_overflow_cross_hatched,
          minmay_temple_entry_sparse_star, hangedman_decor_lopped, sigmund_army
D:5:      cheibrodos_iron_armory, layout_rooms, grunt_tough_drop, uniq_sigmund
D:6:      layout_loops_corners
D:7:      kennysheep_big_flooded_room, layout_basic, minmay_unpleasant_kobolds
Temple:   cyrus_circular_temple

Skill      XL: |  1  2  3  4  5  6  7  8  9 |
---------------+----------------------------+-----
Unarmed Combat | 3 4 5 6 8 9 10 | 10.8
Invocations    | 3 6 8 |  8.1
Armour         | 2 |  2.3
Fighting       | |  3.8
Dodging        | |  0.8

Action                   |  1- 3 |  4- 6 |  7- 9 || total
-------------------------+-------+-------+-------++-------
Melee: Unarmed           |   109 |   184 |   258 ||   551
       Punch             |     1 |     2 |    11 ||    14
Invok: Depart the Abyss  |     1 |       |       ||     1
       Bend Space        |       |     1 |       ||     1
Evoke: Condenser vane    |       |       |     1 ||     1
  Use: Scroll            |     1 |       |       ||     1
       Potion            |     1 |       |       ||     1
 Stab: Confused          |       |       |     1 ||     1
       Distracted        |       |       |     1 ||     1
Armor: Leather armour    |    16 |       |       ||    16
       Ring mail         |    23 |    77 |    99 ||   199
       Chain mail        |       |       |    20 ||    20
Dodge: Dodged            |    59 |   122 |    99 ||   280

Table legend: (Time is in decaauts)
 A = Elapsed time spent in this place.
 B = Non-inter-level travel time spent in this place.
 C = Inter-level travel time spent in this place.
 D = Time resting spent in this place.
 E = Time spent auto-exploring this place.
 F = Levels seen in this place.
 G = Mean time per level.
                   A        B        C        D        E       F      G
               +--------+--------+--------+--------+--------+-----+--------+
         Total |   7815 |   7604 |    211 |   2527 |   3698 |  11 |  710.5 |
       Dungeon |   6868 |   6669 |    199 |   1840 |   3604 |   7 |  981.1 |
        Temple |    818 |    806 |     12 |    687 |     49 |   1 |  818.0 |
         Abyss |    128 |    128 |      0 |      0 |     45 |   3 |   42.7 |
               +--------+--------+--------+--------+--------+-----+--------+

Top non-repeatable levels by time:
     D:3: 1997 daAuts
     D:5: 1171 daAuts
     D:6: 1011 daAuts
     D:1: 995 daAuts
  Temple: 818 daAuts
     D:2: 748 daAuts
     D:4: 589 daAuts
     D:7: 354 daAuts
 Abyss:1: 56 daAuts
 Abyss:3: 39 daAuts
 Abyss:2: 32 daAuts
